Map: New Repugnancy LE

Players

MaNa - Winner!

  • Race: Protoss Protoss
  • Spawn Location: 1:00

Clem

  • Race: Terran Terran
  • Spawn Location: 7:00

Event: 2019 WCS Spring

VOD

Have the link to the VOD?

Description

Time

  • Played on: May 17, 2019, 9:26 a.m.
  • Length: 7:13

All games in this series

Show
View Real Time Build Order
Export as new Build Order

MaNa Protoss - Winner!

Build Orders: 1 Gate Expand, Blink Stalkers 

Get SALT Encoding   

  12  0:00  Probe  
  13  0:12  Probe  
  14  0:17  Pylon  
  14  0:23  Probe  
  15  0:32  Probe  
  15  0:36  Gateway  
  15  0:40  Probe  
  16  0:45  Assimilator  
  17  0:51  Probe  
  18  1:03  Probe  
  19  1:15  Probe  
  20  1:22  Nexus  
  20  1:31  Cybernetics Core  
  20  1:35  Probe  
  21  1:40  Assimilator  
  21  1:47  Probe  
  21  1:51  Pylon  
  22  1:59  Probe, Adept  
  23  2:11  Probe  
  26  2:19  Warp Gate, Adept  
  26  2:23  Probe  
  26  2:26  Twilight Council  
  29  2:34  Probe  
  29  2:35  Probe  
  30  2:46  Probe  
  30  2:47  Probe  
  30  2:50  Blink  
  32  2:53  Gateway  
  32  2:56  Gateway  
  32  3:00  Probe  
  32  3:01  Probe  
  34  3:16  Adept  
  34  3:18  Probe  
  37  3:22  Pylon  
  37  3:28  Probe  
  37  3:30  Probe  
  39  3:38  Robotics Facility  
  39  3:40  Probe  
  40  3:42  Probe  
  41  3:52  Probe, Pylon  
  41  3:54  Probe  
  43  3:59  Assimilator  
  43  4:04  Probe  
  43  4:06  Probe  
  42  4:10  Stalker x3  
  44  4:18  Probe x2  
  44  4:21  Observer  
  47  4:33  Stalker x3  
  47  4:34  Probe  
  47  4:36  Probe  
  55  4:43  Pylon  
  55  4:46  Probe  
  55  4:48  Probe  
  57  4:58  Probe  
  56  5:00  Stalker x2, Probe  
  57  5:08  Observer  
  57  5:12  Stalker  
  57  5:16  Probe  
  58  5:28  Stalker x2  
  57  5:29  Probe  
  57  5:31  Probe  
  55  5:49  Stalker  
  57  5:59  Probe  
  57  6:04  Stalker x2, Probe  
  54  6:08  Probe  
  51  6:12  Probe  
  51  6:16  Probe  
  51  6:17  Stalker  
  54  6:20  Probe  
  56  6:25  Probe  
  56  6:28  Stalker x2  
  56  6:31  Probe  
  62  6:38  Probe  
  61  6:47  Stalker  
  61  6:48  Probe  
  61  6:49  Assimilator  
  61  6:50  Probe  
  65  7:00  Probe  
  66  7:06  Stalker x2  
Show
View Real Time Build Order
Export as new Build Order

Clem Terran 

Build Orders: Gas First Reaper Expand, Banshee Rush 

Get SALT Encoding   

  12  0:00  SCV  
  13  0:12  SCV  
  14  0:17  Supply Depot  
  14  0:25  SCV  
  15  0:28  Refinery  
  15  0:39  SCV  
  16  0:45  Barracks  
  16  0:52  SCV  
  17  1:04  SCV  
  18  1:16  SCV  
  19  1:32  Reaper, Orbital Command  
  20  1:43  Command Center  
  20  1:56  Factory  
  20  1:59  SCV  
  21  2:06  Barracks Reactor  
  21  2:11  Supply Depot  
  21  2:14  SCV  
  22  2:19  Refinery  
  22  2:26  SCV  
  23  2:38  SCV  
  23  2:45  Starport  
  23  2:49  Hellion  
  23  2:50  SCV  
  23  2:51  Hellion  
  28  2:54  Barracks Tech Lab  
  28  3:01  Orbital Command  
  28  3:05  SCV  
  29  3:11  Hellion  
  31  3:17  Hellion  
  31  3:19  SCV  
  35  3:27  SCV  
  35  3:34  Banshee, Cloaking Field  
  35  3:40  Supply Depot  
  38  3:43  Marine  
  38  3:45  Marine  
  38  3:48  SCV  
  41  3:49  SCV  
  41  3:50  Factory Tech Lab  
  42  4:00  Supply Depot  
  42  4:01  SCV, Marine  
  42  4:02  SCV  
  45  4:03  Marine  
  44  4:13  SCV  
  44  4:14  SCV  
  44  4:15  Siege Tank  
  47  4:19  Marine  
  47  4:22  Banshee  
  47  4:26  SCV x2  
  47  4:30  Supply Depot  
  49  4:38  SCV x2, Marine x2  
  53  4:47  Siege Tank, Barracks  
  53  4:48  Barracks  
  53  4:52  SCV x2  
  58  4:59  Marine x2  
  59  5:04  SCV x2  
  53  5:07  Banshee  
  54  5:16  SCV, Marine  
  54  5:17  SCV  
  53  5:22  Siege Tank  
  53  5:28  SCV  
  54  5:30  Marine  
  54  5:33  SCV  
  54  5:34  Marine  
  54  5:35  Marine  
  52  5:40  SCV  
  50  5:47  Marine  
  50  5:48  Marine  
  49  5:51  Banshee  
  49  5:52  Marine x2  
  49  6:00  Siege Tank  
  48  6:05  Marine  
  48  6:06  Marine  
  48  6:09  SCV  
  48  6:10  Marine  
  52  6:15  SCV  
  50  6:20  Engineering Bay  
  50  6:24  SCV  
  51  6:27  SCV  
  51  6:30  Marine x2  
  51  6:31  Barracks Tech Lab  
  53  6:36  SCV  
  53  6:38  Siege Tank  
  57  6:40  SCV  
  53  6:47  Marauder  
  53  6:48  SCV, Marine  
  53  6:50  Refinery  
  53  6:53  SCV  
  60  7:00  SCV  
Tags
 
Add a new tag
Caveats
  • Supply blocks, unpowered buildings, or Contaminate may cause inaccurate times.
  • Supply counts are checked every 10 seconds.